Map: Jagannatha LE

Players

YaN

  • Race: Terran Terran
  • League: Diamond

Cutie - Winner!

  • Race: Zerg Zerg
  • League: Platinum

VOD

Have the link to the VOD?

Description

Time

  • Played on: June 29, 2021, 1:47 p.m.
  • Length: 14:17
Show
View Real Time Build Order
Export as new Build Order

YaN Terran 

Build Orders:  

Get SALT Encoding   

  12  0:00  SCV  
  13  0:15  Supply Depot  
  13  0:16  SCV  
  14  0:30  Refinery  
  14  0:38  Barracks  
  14  0:47  SCV  
  15  1:01  SCV  
  16  1:14  SCV  
  17  1:28  Orbital Command  
  17  1:42  Command Center  
  17  1:44  Barracks Reactor  
  17  1:56  SCV  
  18  2:04  Supply Depot  
  18  2:09  SCV  
  19  2:21  SCV, Marine x2  
  22  2:33  SCV  
  23  2:40  Bunker  
  23  2:45  Command Center  
  23  2:55  Marine x2  
  25  3:05  Orbital Command, SCV  
  26  3:15  Supply Depot, Marine  
  26  3:17  SCV  
  28  3:29  SCV  
  28  3:33  SCV  
  30  3:41  SCV  
  30  3:43  Barracks  
  30  3:45  SCV  
  32  3:51  Marine x2  
  32  3:54  Barracks, SCV  
  32  3:55  Factory  
  35  3:59  Orbital Command  
  35  4:05  Engineering Bay  
  35  4:09  Marine x2  
  37  4:13  SCV  
  37  4:14  Refinery  
  38  4:20  SCV  
  39  4:28  SCV x2  
  41  4:32  SCV  
  41  4:34  Barracks Tech Lab  
  41  4:36  Terran Infantry Weapons Level 1  
  42  4:39  Starport  
  42  4:40  Factory Reactor, SCV  
  43  4:46  Barracks Reactor, Orbital Command  
  43  4:47  SCV  
  43  4:52  SCV  
  45  4:55  Stimpack  
  45  4:56  Marauder, Marine x2  
  45  4:59  SCV  
  50  5:04  SCV  
  51  5:11  SCV  
  51  5:13  SCV  
  53  5:16  SCV, Refinery  
  54  5:23  SCV  
  54  5:24  Marine x2  
  54  5:25  Marauder, Marine x2  
  54  5:27  Barracks  
  61  5:29  SCV  
  61  5:30  SCV  
  61  5:33  Factory Tech Lab  
  61  5:35  SCV  
  64  5:42  SCV x2  
  66  5:47  SCV, Marauder  
  69  5:51  Supply Depot  
  69  5:52  Supply Depot  
  69  6:05  Engineering Bay  
  69  6:06  Armory  
  69  6:12  Marine  
  69  6:13  SCV x2, Siege Tank, Marauder  
  69  6:14  Medivac x2, SCV, Marine x2  
  69  6:18  Supply Depot x2  
  84  6:20  Barracks Tech Lab  
  84  6:23  Marine  
  84  6:24  Barracks  
  84  6:25  SCV x2  
  87  6:26  SCV  
  87  6:30  Marine  
  87  6:31  Terran Infantry Armor Level 1  
  89  6:34  Marauder  
  89  6:37  SCV x2  
  93  6:40  SCV  
  93  6:42  Refinery  
  93  6:44  Medivac  
  93  6:45  Supply Depot  
  93  6:46  Supply Depot  
  96  6:49  SCV x2  
  98  6:56  Siege Tank, Marine  
  98  6:57  Marauder x2, Marine x3  
  109  7:07  SCV x3  
  112  7:09  Refinery  
  112  7:10  Combat Shield  
  112  7:14  Barracks Reactor, Barracks, Marine x2  
  114  7:19  SCV x2  
  114  7:21  SCV  
  117  7:26  Refinery  
  117  7:30  Marine  
  117  7:31  Marauder, SCV x2, Marine x2  
  117  7:32  Marine  
  125  7:38  Supply Depot  
  125  7:39  Supply Depot x2  
  125  7:48  Marine  
  125  7:49  Marauder  
  120  7:53  Marauder  
  120  7:54  Siege Tank  
  120  7:55  Medivac  
  125  8:00  Medivac, SCV x3, Command Center  
  125  8:05  Barracks Reactor  
  130  8:11  Marine x2  
  130  8:12  Ghost Academy, SCV, Marauder  
  135  8:14  Marauder  
  137  8:22  SCV  
  138  8:29  Supply Depot  
  138  8:30  Supply Depot x2  
  138  8:35  Missile Turret  
  138  8:39  Missile Turret x2  
  138  8:44  Missile Turret x2  
  138  8:46  Missile Turret  
  138  8:47  Missile Turret  
  138  8:49  Missile Turret x2, Personal Cloaking  
  138  8:51  Marauder, Marine x4  
  138  8:52  Marauder, Marine  
  147  9:03  Marine x3  
  150  9:11  Marine x3  
  150  9:13  Marauder x2  
  148  9:34  Marauder x2  
  148  9:35  Medivac  
  148  9:36  Medivac  
  148  9:38  Marine x3  
  158  9:51  Refinery  
  158  9:53  Marine x3  
  158  9:54  Refinery, Marine x2  
  158  9:55  Marine  
  158  9:56  Marauder x2  
  168  10:17  Marauder x2  
  168  10:19  Marine  
  168  10:20  Marine x6  
  168  10:21  Marine  
  131  10:26  SCV, Siege Tank  
  116  10:29  Planetary Fortress  
  116  10:35  SCV  
  117  10:37  Marine x2  
  117  10:38  Ghost x2, Marine x4  
  127  10:46  Terran Infantry Weapons Level 2  
  127  10:48  Terran Infantry Armor Level 2  
  127  10:49  SCV  
  128  10:51  Supply Depot  
  128  10:53  Supply Depot  
  128  10:59  Supply Depot  
  128  11:00  Supply Depot, Siege Tank  
  131  11:07  Marauder x2  
  131  11:10  Starport  
  135  11:11  Starport  
  135  11:17  Missile Turret  
  135  11:18  Missile Turret  
  135  11:23  Marine x3  
  138  11:28  Marauder x2  
  116  11:44  Marine x3  
  119  11:50  Marauder x2  
  123  11:56  Starport Tech Lab  
  123  12:01  Command Center  
  123  12:03  Fusion Core, Command Center  
  123  12:05  Marine  
  123  12:06  Marine  
  125  12:10  Ghost x2  
  125  12:13  Starport Tech Lab  
  125  12:14  Marine  
  125  12:15  Marine x2  
  87  12:39  Ghost x2  
  87  12:43  Marine x5  
  87  12:44  Marine x3  
  80  13:00  Marine  
  80  13:01  Marine x5  
  80  13:02  Marine x2  
  74  13:08  Marauder x2  
  63  13:18  Marine x2  
  63  13:19  Marine x5  
  63  13:20  Marine  
  55  13:29  Planetary Fortress  
  55  13:30  Marauder x2  
  55  13:32  Medivac x2  
  59  13:36  Marine x3  
  59  13:37  Marine x4  
  70  13:51  Marauder x2, Marine  
  70  13:54  SCV, Marine x2  
Show
View Real Time Build Order
Export as new Build Order

Cutie Zerg - Winner!

Build Orders: Hatch First, Brood Lord Corruptor 

Get SALT Encoding   

  12  0:00  Drone  
  13  0:12  Overlord  
  13  0:17  Drone  
  14  0:30  Drone x2  
  14  0:34  Drone  
  17  0:52  Hatchery  
  17  0:54  Drone  
  17  0:58  Drone  
  18  1:08  Extractor  
  17  1:13  Spawning Pool  
  17  1:17  Drone  
  17  1:20  Drone  
  18  1:27  Drone  
  19  1:38  Overlord  
  19  1:49  Drone  
  20  1:59  Drone  
  21  2:04  Queen  
  21  2:05  Drone, Queen  
  26  2:10  Drone  
  26  2:11  Metabolic Boost  
  27  2:16  Drone  
  28  2:33  Hatchery  
  28  2:34  Drone  
  28  2:35  Drone  
  29  2:39  Overlord  
  29  2:41  Drone  
  30  2:49  Drone  
  30  2:50  Drone  
  32  2:53  Drone  
  32  2:57  Overlord  
  33  3:06  Drone  
  33  3:08  Queen  
  33  3:10  Drone  
  37  3:18  Drone x2  
  37  3:19  Drone  
  40  3:25  Drone x2  
  42  3:30  Drone  
  43  3:35  Zergling x2  
  43  3:40  Drone  
  45  3:45  Drone x2  
  47  3:57  Overlord x2  
  47  3:58  Drone  
  47  4:01  Queen  
  47  4:02  Queen  
  52  4:04  Zergling x8  
  52  4:07  Queen  
  52  4:09  Overlord x2  
  58  4:17  Zergling x2  
  58  4:20  Drone x2, Extractor, Hatchery  
  58  4:22  Drone x2  
  58  4:23  Drone  
  62  4:26  Extractor x2  
  60  4:35  Drone x6  
  60  4:37  Drone  
  67  4:43  Zergling x2  
  69  4:45  Zergling x2  
  69  4:48  Drone  
  69  4:51  Drone x3  
  74  4:52  Drone  
  74  4:58  Zergling x2  
  75  5:03  Drone x2  
  77  5:07  Drone  
  77  5:08  Drone x3  
  77  5:10  Evolution Chamber  
  77  5:12  Evolution Chamber  
  77  5:13  Drone  
  77  5:14  Drone x3  
  83  5:16  Overlord  
  83  5:21  Lair  
  83  5:22  Overlord x3  
  83  5:27  Zergling x2  
  83  5:28  Zergling x4  
  86  5:33  Zergling x2  
  87  5:36  Baneling Nest  
  87  5:41  Queen  
  87  5:42  Overlord x3  
  88  5:46  Zergling x2  
  88  5:47  Zergling x14  
  88  5:48  Zerg Melee Weapons Level 1, Zerg Ground Armor Level 1  
  97  5:50  Drone x3  
  97  5:53  Spore Crawler  
  98  5:58  Drone x2  
  98  5:59  Drone x2  
  98  6:00  Spore Crawler  
  98  6:04  Zergling x6  
  102  6:08  Zergling x2  
  102  6:09  Zergling x8  
  109  6:18  Zergling x6  
  110  6:21  Drone x2  
  110  6:24  Drone, Extractor  
  110  6:25  Extractor  
  113  6:35  Zergling x2  
  113  6:36  Zergling x16  
  122  6:40  Spire  
  122  6:41  Zergling x10, Infestation Pit  
  122  6:42  Centrifical Hooks  
  122  6:44  Baneling  
  122  6:45  Baneling x6  
  125  6:48  Drone x3  
  125  6:51  Drone x2  
  125  6:52  Drone, Overlord  
  131  6:54  Overseer  
  131  6:55  Overseer  
  131  6:56  Zergling x2  
  131  6:59  Drone  
  131  7:00  Zergling x2  
  131  7:01  Zergling x4  
  136  7:02  Pneumatized Carapace  
  136  7:03  Zergling x2  
  136  7:04  Zergling x8  
  141  7:08  Overlord  
  141  7:09  Overlord x2  
  141  7:10  Zergling x2  
  142  7:16  Drone x2  
  142  7:17  Drone  
  142  7:21  Zergling x2  
  142  7:22  Zergling x6  
  149  7:23  Overlord x2  
  149  7:29  Zergling x8  
  153  7:31  Hive  
  153  7:35  Zergling x2  
  153  7:36  Zergling x10  
  159  7:39  Drone  
  159  7:40  Drone x2  
  159  7:43  Extractor  
  161  7:44  Extractor  
  156  8:02  Drone x3, Spore Crawler  
  156  8:03  Drone x2  
  160  8:06  Drone  
  160  8:10  Zergling x16  
  160  8:11  Zergling x4  
  171  8:14  Zerg Flyer Weapons Level 1  
  171  8:15  Corruptor x4  
  171  8:19  Hatchery  
  178  8:20  Overseer x2  
  178  8:21  Zerg Melee Weapons Level 2  
  178  8:22  Zerg Ground Armor Level 2  
  178  8:25  Drone  
  178  8:26  Drone x2  
  181  8:45  Extractor  
  181  8:46  Extractor  
  179  8:53  Overlord x2  
  179  8:54  Zergling x2  
  179  8:55  Zergling x22  
  191  8:57  Adrenal Glands  
  191  9:00  Spire  
  190  9:10  Drone  
  190  9:12  Overlord x3  
  191  9:33  Spore Crawler  
  191  9:35  Drone x4  
  191  9:37  Zergling x2  
  191  9:38  Zergling x8  
  199  9:46  Baneling  
  199  9:47  Baneling x17  
  199  9:48  Baneling x5  
  199  9:50  Baneling x8  
  198  10:07  Zergling x6  
  192  10:18  Zergling x20  
  192  10:19  Zergling x28  
  162  10:23  Corruptor x4  
  162  10:28  Zergling x8  
  164  10:34  Zerg Flyer Weapons Level 2, Greater Spire  
  167  10:46  Queen  
  167  10:47  Drone  
  167  10:48  Drone x2  
  172  10:53  Baneling x7  
  172  10:54  Baneling x7  
  172  10:56  Zerg Melee Weapons Level 3  
  172  10:57  Zerg Ground Armor Level 3  
  172  11:07  Corruptor x4  
  169  11:39  Zergling x2  
  153  11:40  Zergling x30  
  167  11:47  Brood Lord  
  167  11:48  Brood Lord x3  
  167  11:50  Brood Lord  
  167  11:51  Brood Lord x3  
  167  11:52  Corruptor  
  167  11:53  Corruptor x7  
  199  11:57  Baneling  
  199  11:58  Baneling x13  
  199  11:59  Baneling  
  199  12:18  Spine Crawler  
  199  12:19  Spine Crawler  
  199  12:21  Spine Crawler  
  196  12:23  Spine Crawler  
  176  12:38  Zergling x26  
  176  12:39  Zergling x12  
  192  12:46  Zergling x14  
  199  12:59  Hatchery  
  192  13:09  Zergling x10  
  192  13:10  Zergling x10  
  193  13:20  Zergling x4  
  193  13:21  Zergling x10  
  193  13:25  Zergling x2  
  193  13:26  Zergling x8  
  199  13:33  Zergling x2  
  200  13:52  Baneling x8  
  200  13:53  Baneling x5  
Tags
 
Add a new tag
Caveats
  • Supply blocks, unpowered buildings, or Contaminate may cause inaccurate times.
  • Supply counts are checked every 10 seconds.